 Dungeon Crawl Stone Soup version 0.17-a0-1954-g0dddeaa (webtiles) character file.

19 gorblad the Skirmisher (level 2, -1/24 HPs)
             Began as a Demonspawn Abyssal Knight on Oct 4, 2015.
             Was a Follower of Lugonu.
             Slain by Sigmund
             ... wielding a +6 vampiric scythe
              (11 damage)
             ... on level 2 of the Dungeon.
             The game lasted 00:03:22 (802 turns).

gorblad the Skirmisher (Demonspawn Abyssal Knight)   Turns: 802, Time: 00:03:23

Health: -1/24      AC:  6    Str: 12    XL:     2   Next: 55%
Magic:  4/4        EV: 10    Int: 13    God:    Lugonu [*.....]
Gold:   53         SH:  0    Dex: 12    Spells: 0 memorised, 1 level left

rFire  . . .     SeeInvis .     a - +1 spear
rCold  . . .     Clarity  .     i - +1 ring mail {rPois}
rNeg   . . .     SustAt   .     (no shield)
rPois  +         Gourm    .     (no helmet)
rElec  .         Spirit   .     (no cloak)
rCorr  .         Warding  .     (no gloves)
rMut   .         Stasis   .     (no boots)
MR     .....                    (no amulet)
Stlth  +.........               (no ring)
                                (no ring)

@: not resistant to hostile enchantments, very unstealthy
A: claws 1
a: Depart the Abyss, Renounce Religion


You were on level 2 of the Dungeon.
You worshipped Lugonu.
Lugonu was aware of your devotion.
You were not hungry.

You visited 1 branch of the dungeon, and saw 2 of its levels.
You visited the Abyss 1 time.

You collected 53 gold pieces.

Inventory:

Hand weapons
 a - a +1 spear (weapon)
 g - a cursed -2 blowgun
Missiles
 j - 3 tomahawks (quivered)
Armour
 b - a +0 leather armour
 e - a +0 leather armour
 i - a +1 ring mail of poison resistance (worn)
Scrolls
 f - 2 scrolls of immolation {unknown}
 h - 2 scrolls of amnesia {unknown}
 m - a scroll of teleportation {unknown}
 o - a scroll of recharging {unknown}
 p - a scroll of identify {unknown}
 t - a scroll of remove curse {unknown}
Potions
 q - a potion of degeneration {unknown}
 r - a potion of magic {unknown}
 s - 2 potions of brilliance {unknown}
Comestibles
 c - 2 bread rations
 d - 2 meat rations
 k - 4 fruits
 n - a beef jerky


   Skills:
 + Level 3.5 Fighting
 + Level 2.0 Polearms
 + Level 1.8 Armour
 + Level 1.1 Dodging
 + Level 2.7 Invocations


You had one spell level left.
You didn't know any spells.

Dungeon Overview and Level Annotations

Branches:
Dungeon (2/15)

Altars:

Annotations:
D:2 Sigmund


Innate Abilities, Weirdness & Mutations

You have sharp fingernails.


Message History

You are too confused!
You are too confused!
You are too confused!
You are too confused!
You are too confused!
Sigmund closely misses you. Sigmund barely misses you.
You closely miss Sigmund.
Sigmund is lightly wounded.
Sigmund hits you with a vampiric scythe!
You're too confused to move!
You feel less confused.
Sigmund hits you with a vampiric scythe!
* * * LOW HITPOINT WARNING * * *
Drink which item? (? for menu, Esc to quit)
You feel better.
You hit Sigmund.
Sigmund is lightly wounded.
Sigmund hits you with a vampiric scythe!
You die...

... ... ... #..
#.######## #
##.#.......
####.#......######.
...................
###...@@....####
#..#.#.##.# #.
#.#.##.# #
#.#.##.##########.
#.#.##.........(..
...............#..
#.#.#####.........
#.#. #.........
#.........


You could see Sigmund.

Vanquished Creatures
  An ooze (D:1)
  5 goblins (D:1)
  2 hobgoblins (D:1)
  2 bats (D:1)
  2 giant cockroaches (D:1)
  A kobold (D:1)
  3 rats (D:1)
16 creatures vanquished.

Vanquished Creatures (others)
  A plant (Abyss:2)
1 creature vanquished.

Grand Total: 17 creatures vanquished

Notes
Turn   | Place    | Note
--------------------------------------------------------------
     0 | Abyss:1  | gorblad the Demonspawn Abyssal Knight began the quest for the Orb.
     0 | Abyss:1  | Reached XP level 1. HP: 18/18 MP: 2/2
    44 | Abyss:1  | Noticed a flying skull
    46 | Abyss:1  | Noticed a small abomination
    50 | Abyss:2  | Found a corrupted altar of Lugonu.
    73 | Abyss:2  | Found a corrupted altar of Lugonu.
   105 | Abyss:2  | Noticed a smoke demon
   105 | D:1      | Escaped the Abyss
   153 | D:1      | Reached skill level 1 in Dodging
   209 | D:1      | Acquired Lugonu's first power
   271 | D:1      | Gained mutation: You have sharp fingernails. [demonic ancestry]
   271 | D:1      | Reached XP level 2. HP: 22/24 MP: 3/3
   784 | D:2      | Noticed Sigmund
   802 | D:2      | Slain by Sigmund

Vault maps used:
D:1:      ncdulo_watergridlock, glass_columns_b
D:2:      uniq_crazy_yiuf_cottage, uniq_sigmund
Abyss:2:  abyss_greek_temple

Action                   || total
-------------------------++-------
Melee: Spear             ||    67
Invok: Depart the Abyss  ||     1
  Use: Potion            ||     3
